 Dungeon Crawl Stone Soup version 0.21.1-1-g345015fe64 (webtiles) character file.

32 Gargoyl the Skirmisher (level 3, -1/31 HPs)
             Began as a Centaur Abyssal Knight on Feb 22, 2018.
             Was a Follower of Lugonu.
             Slain by a gnoll
             ... wielding a +0 club
              (2 damage)
             ... on level 2 of the Dungeon.
             The game lasted 00:02:36 (1313 turns).

Gargoyl the Skirmisher (Centaur Abyssal Knight)     Turns: 1313, Time: 00:02:37

Health: -1/31      AC:  5    Str: 18    XL:     3   Next: 10%
Magic:  4/4        EV:  8    Int: 11    God:    Lugonu [*.....]
Gold:   146        SH:  0    Dex:  9    Spells: 2/2 levels left

rFire    . . .     SeeInvis .   a - +1 hand axe
rCold    . . .     Gourm    .   (no shield)
rNeg     + . .     Faith    .   m - +0 ring mail
rPois    .         Spirit   .   (no helmet)
rElec    .         Reflect  .   (no cloak)
rCorr    .         Harm     .   (no gloves)
MR       .....                  (no barding)
Stlth    ..........             (no amulet)
HPRegen  0.10/turn              d - +4 ring of strength
MPRegen  0.09/turn              e - ring of positive energy

@: very quick
A: large, hooves 3, deformed body, speed 2, tough skin 3
a: Depart the Abyss, Renounce Religion


You were on level 2 of the Dungeon.
You worshipped Lugonu.
Lugonu was aware of your devotion.
You were not hungry.

You visited 1 branch of the dungeon, and saw 2 of its levels.
You visited the Abyss 1 time.

You collected 146 gold pieces.

Inventory:

Hand Weapons
 a - a +1 hand axe (weapon)
Armour
 m - a +0 ring mail (worn)
Jewellery
 d - a +4 ring of strength (left hand)
 e - a ring of positive energy (right hand)
Wands
 f - a wand of flame (24)
Scrolls
 b - a scroll of noise {unknown}
 h - a scroll of teleportation {unknown}
 j - 2 scrolls of fog {unknown}
 k - a scroll of amnesia {unknown}
 n - 4 scrolls of remove curse {unknown}
 o - a scroll of blinking {unknown}
 p - a scroll of enchant weapon {unknown}
 q - a scroll of random uselessness {unknown}
Potions
 g - a potion of heal wounds {unknown}
 i - a potion of haste {unknown}
 l - a potion of mutation {unknown}
Comestibles
 c - 6 rations


   Skills:
 + Level 3.5 Fighting
 + Level 2.2 Axes
 * Level 1.7 Armour
 + Level 0.6 Dodging
 * Level 2.2 Invocations


You had 2 spell levels left.
You didn't know any spells.

Dungeon Overview and Level Annotations

Branches:
Dungeon (2/15)

Altars:
Cheibriados


Innate Abilities, Weirdness & Mutations

You have hooves in place of feet.
Armour fits poorly on your strangely shaped body.
You cover ground very quickly.
You have extremely tough skin. (AC +3)


Message History

The gnoll is lightly wounded.
The gnoll hits you with a spear.
You hit the gnoll.
The gnoll is lightly wounded.
The gnoll hits you from afar with a spear.
You barely miss the gnoll. You kick the gnoll, but do no damage.
The gnoll is lightly wounded.
The gnoll hits you with a club. The gnoll closely misses you.
The gnoll hits you with a club.
* * * LOW HITPOINT WARNING * * *
You hit the gnoll. Your kick misses the gnoll.
The gnoll is heavily wounded.
The gnoll hits you from afar with a spear.
* * * LOW HITPOINT WARNING * * *
The gnoll hits you with a club.
* * * LOW HITPOINT WARNING * * *
You hit the gnoll.
The gnoll is severely wounded.
The gnoll barely misses you. The gnoll hits you with a club.
You die...

# # #. .# #.# #g#
#..###g# #....@.#
####.### ##+## #.#
##...## #.######
##.....##
##.##...####.......#
#...................
#.####.####.........
#.##.....##.........
#.#.......#........#


You could see 2 gnolls.

Vanquished Creatures
  An ooze (D:2)
  2 dart slugs (D:1)
  A leopard gecko (D:2)
  2 goblins (D:1)
  3 hobgoblins
  4 bats
  3 frilled lizards (D:2)
  5 kobolds
  5 rats
26 creatures vanquished.

Notes
Turn   | Place    | Note
-------+----------+-------------------------------------------
     0 | Abyss:1  | Gargoyl the Centaur Abyssal Knight began the quest for the Orb.
     0 | Abyss:1  | Reached XP level 1. HP: 19/19 MP: 2/2
    64 | Abyss:3  | Noticed a worldbinder
    67 | Abyss:3  | Noticed a green very ugly thing
    69 | Abyss:3  | Noticed a neqoxec
    72 | Abyss:3  | Noticed a quasit
    73 | D:1      | Escaped the Abyss
   408 | D:1      | Reached XP level 2. HP: 26/26 MP: 3/3
   864 | D:2      | Reached * piety under Lugonu
  1088 | D:2      | Found a faded altar of an unknown god.
  1250 | D:2      | Reached XP level 3. HP: 27/31 MP: 4/4
  1282 | D:2      | Found a snail-covered altar of Cheibriados.
  1312 | D:2      | HP: 1/31 [gnoll/club (1)]
  1313 | D:2      | Slain by a gnoll

Skill      XL: |  1 |
---------------+----+-----
Axes           | 2 |  2.2
Fighting       | |  3.5
Armour         | |  1.7
Dodging        | |  0.6
Invocations    | |  2.2

Action                   || total
-------------------------++-------
Melee: Hand axe          ||    61
       Kick              ||    13
Invok: Depart the Abyss  ||     1
  Use: Scroll            ||     1
Armor: Leather armour    ||    16
       Ring mail         ||    13
Dodge: Dodged            ||    29
